 Dungeon Crawl Stone Soup version 0.27-a0-1560-g8cdb131 (webtiles) character file.

Game seed: 14052802700658878888

1 Meow the Skirmisher (level 1, 4/19 HPs)
             Began as a Ghoul Fighter on July 16, 2021.
             Quit the game on level 1 of the Dungeon.
             The game lasted 00:00:24 (23 turns).

Meow the Skirmisher (Ghoul Fighter)                   Turns: 23, Time: 00:00:25

Health: 4/19       AC:  6    Str: 19    XL:     1   Next: 20%
Magic:  0/0        EV:  7    Int:  3    God:
Gold:   0          SH:  8    Dex:  8    Spells: 0/0 levels left

rFire    . . .     SeeInvis .   a - +0 war axe
rCold    + . .     Faith    .   c - +0 kite shield
rNeg     + + +     Spirit   .   b - +0 scale mail
rPois    ∞         Reflect  .   (no helmet)
rElec    .         Harm     .   (no cloak)
rCorr    .         Rampage  .   (no gloves)
Will     .....                  (no boots)
Stlth    ..........             (no amulet)
HPRegen  0.06/turn              (no ring)
MPRegen  0.07/turn              (no ring)

@: no status effects
A: claws 1, cold resistance 1, negative energy resistance 3, inhibited
regeneration, torment resistance 2
a: no special abilities


You were on level 1 of the Dungeon.
You visited 1 branch of the dungeon, and saw 1 of its levels.

Inventory:

Hand Weapons
 a - a +0 war axe (weapon)
Armour
 b - a +0 scale mail (worn)
 c - a +0 kite shield (worn)
Potions
 d - a potion of might


   Skills:
 + Level 3.3 Fighting
 + Level 1.8 Axes
 - Level 2.6 Armour
 - Level 2.6 Shields


You couldn't memorise any spells.
You didn't know any spells.
Your spell library was empty.

Dungeon Overview and Level Annotations

Branches:
Dungeon (1/15)

Altars:


Innate Abilities, Weirdness & Mutations

You thrive by killing the living.
You are immune to poison.
You have sharp fingernails.
Your flesh is cold resistant. (rC+)
You are immune to negative energy. (rN+++)
You do not regenerate when monsters are visible.
You are immune to unholy pain and torment.


Message History

Welcome, Meow the Ghoul Fighter.
The bosom of this dungeon contains the awesome artefact, the Orb of Zot.
Press ? for a list of commands and other information.
Found a staircase leading out of the dungeon.
You open the door.
Found 5 gold pieces.
Found a stone staircase leading down.
There is an open door here.
Found a murky yellow potion.
A kobold comes into view.
It is wielding a +0 dagger of electrocution.
The kobold shouts!
A kobold is nearby!
There is an open door here.
You start waiting.
A kobold is nearby!
You hit the kobold but do no damage. The kobold closely misses you.
The kobold hits you but does no damage.
You barely miss the kobold. You block the kobold's attack.
The kobold hits you but does no damage.
You are electrocuted!!
Ouch! That really hurt!
* * * LOW HITPOINT WARNING * * *
You hit the kobold but do no damage. The kobold closely misses you.
You slash the kobold!
You kill the kobold!
You feel better.
There is an open door here.
You see here a +0 dagger of electrocution.
Are you sure you want to abandon this character and quit the game? (Confirm with "yes".)

##### ## . #..<#
..####
...♣♣##.##♣♣......
.....P#@#.........
............♣
......#+#♣...$.!..
...♣P# #♣.......
.. ## #.>....
...... ......
K.... .#...


There were no monsters in sight!

Vanquished Creatures
  A kobold (D:1)
1 creature vanquished.

Notes
Turn   | Place    | Note
-------+----------+-------------------------------------------
     0 | D:1      | Meow the Ghoul Fighter began the quest for the Orb.
     0 | D:1      | Reached XP level 1. HP: 19/19 MP: 0/0
    23 | D:1      | Quit the game

Illustrated notes

Levels and vault maps discovered:
D:1:      sevenhm_arrival_forest_fort_small_4, layout_rooms

Action                   || total
-------------------------++-------
Melee: War axe           ||     4
Armor: Scale mail        ||     2
Dodge: Dodged            ||     2
Block: Kite shield       ||     1

Table legend: (Time is in decaauts)
 A = Elapsed time spent in this place.
 B = Non-inter-level travel time spent in this place.
 C = Inter-level travel time spent in this place.
 D = Time resting spent in this place.
 E = Time spent auto-exploring this place.
 F = Levels seen in this place.
 G = Mean time per level.
                   A        B        C        D        E       F      G
               +--------+--------+--------+--------+--------+-----+--------+
         Total |     25 |     25 |      0 |      4 |      7 |   1 |   25.0 |
       Dungeon |     25 |     25 |      0 |      4 |      7 |   1 |   25.0 |
               +--------+--------+--------+--------+--------+-----+--------+

Top non-repeatable levels by time:
     D:1: 25 daAuts
